 Dungeon Crawl Stone Soup version 0.17-a0-1714-g35622ae (webtiles) character file.

545 kae the Carver (level 7, 0/57 HPs)
             Began as a Minotaur Fighter on Aug 23, 2015.
             Was an Initiate of Qazlal.
             Succumbed to an orc wizard's poison
             ... on level 4 of the Dungeon.
             The game lasted 00:04:00 (3367 turns).

kae the Carver (Minotaur Fighter)                   Turns: 3367, Time: 00:04:00

Health: 0/57       AC:  6    Str: 21    XL:     7   Next: 6%
Magic:  6/6        EV:  7    Int:  7    God:    Qazlal [......]
Gold:   65         SH:  9    Dex:  9    Spells: 0 memorised, 6 levels left

rFire  . . .     SeeInvis .     r - +1 long sword (slice)
rCold  . . .     Clarity  .     b - +0 scale mail
rNeg   . . .     SustAt   .     c - +0 shield
rPois  .         Gourm    .     (helmet restricted)
rElec  .         Spirit   .     (no cloak)
rCorr  .         Warding  .     (no gloves)
rMut   .         Stasis   .     (no boots)
MR     .....                    (no amulet)
Stlth  ..........               (no ring)
                                (no ring)

@: lethally poisoned (0 -> -3), not resistant to hostile enchantments, extremely
unstealthy
A: retaliatory headbutt, horns 2
a: Renounce Religion


You were on level 4 of the Dungeon.
You worshipped Qazlal.
Qazlal was noncommittal.
You were not hungry.

You visited 2 branches of the dungeon, and saw 5 of its levels.

You collected 180 gold pieces.
You spent 115 gold pieces at shops.

Inventory:

Hand weapons
 a - a +0 long sword
 r - a +1 long sword of slicing (weapon)
Armour
 b - a +0 scale mail (worn)
 c - a +0 shield (worn)
 t - a +0 cloak of magic resistance
Jewellery
 h - an uncursed ring of ice
Magical devices
 s - a wand of cold (10)
Scrolls
 f - 2 scrolls of teleportation
 j - 2 scrolls of identify
 l - a scroll of immolation {unknown}
 m - a scroll of enchant armour
 n - a scroll of remove curse
Potions
 d - 4 potions of might
 g - a potion of magic {unknown}
 i - a potion of invisibility
 k - a potion of brilliance
 p - a potion of poison {unknown}
 v - a potion of mutation {unknown}
 w - a potion of curing {unknown}
 A - a potion of heal wounds
 B - a potion of lignification
Comestibles
 e - 3 bread rations
 q - 2 beef jerkies
 u - a meat ration


   Skills:
 - Level 3.6 Fighting
 + Level 9.3 Long Blades
 - Level 3.6 Armour
 - Level 3.6 Shields


You had 6 spell levels left.
You didn't know any spells.

Dungeon Overview and Level Annotations

Branches:
Dungeon (4/15)             Temple (1/1) D:4

Altars:
Cheibriados
Dithmenos
Elyvilon
Fedhas
Gozag
Makhleb
Nemelex Xobeh
Okawaru
Qazlal
Ru
Sif Muna
Trog
Vehumet
Xom
Yredelemnul
The Shining One

Shops:
D:4 [


Innate Abilities, Weirdness & Mutations

You reflexively headbutt those who attack you in melee.
You have a pair of horns on your head.


Message History

You resist with some effort.
You closely miss the orc wizard. Your headbutt misses the orc wizard.
The orc wizard is heavily wounded.
You feel sick. You block the orc wizard's attack.
You hit the orc wizard but do no damage.
The orc wizard is heavily wounded.
The orc wizard hits you but does no damage.
You hit the orc wizard. Your headbutt misses the orc wizard.
The orc wizard is severely wounded.
You feel sick.
The orc wizard points at you and mumbles some strange words.
The puff of flame hits you!
* * * LOW HITPOINT WARNING * * *
You hit the orc wizard.
You kill the orc wizard!
Qazlal accepts your kill.
You closely miss the orc. You headbutt the orc.
You kill the orc!
Qazlal accepts your kill.
You die...

#...#...<..###### ###.##...#.#
#.##.###.# #### #........#
######## ...# ####.#######......#
##.# #######.# #..........# ##.#
#.....#.# #.........#####
...#####.###.#.###.....###.....#
.............)o)@......#.'..._.#
...#####.###.#.###.....###.....#
#..### #........##.........#####
#♣[..###.###.....#..........#####
...#.....# ##...######......#....
♣∩♣#.♣.♣.# ##.## ###.......#.
..##..>..# #.# #.#####.#.
.♣##.♣.♣.# #.# #.# #.#.
..##.....# ##+## #.# #.#.


You could see an orc.

Vanquished Creatures
  A human (D:4)
  A big kobold (D:4)
  A hound (D:4)
  3 orc wizards
  A human zombie (D:4)
  Jessica (D:2)
  3 worker ants (D:4)
  4 adders
  An ooze (D:3)
  A worm (D:3)
  5 giant geckos
  8 orcs
  5 bats
  5 giant cockroaches
  7 goblins
  2 hobgoblins
  24 kobolds
  3 ball pythons
  4 giant newts
  2 jackals (D:3)
  3 quokkas
  7 rats
92 creatures vanquished.

Notes
Turn   | Place    | Note
--------------------------------------------------------------
     0 | D:1      | kae the Minotaur Fighter began the quest for the Orb.
     0 | D:1      | Reached XP level 1. HP: 19/19 MP: 0/0
   461 | D:1      | Reached XP level 2. HP: 23/26 MP: 1/1
   846 | D:2      | Found a shimmering altar of Xom.
   865 | D:2      | Reached skill level 4 in Long Blades
   874 | D:2      | Reached XP level 3. HP: 31/31 MP: 2/2
  1239 | D:2      | Noticed Jessica
  1254 | D:2      | Killed Jessica
  1254 | D:2      | Reached skill level 5 in Long Blades
  1254 | D:2      | Reached XP level 4. HP: 33/39 MP: 3/3
  1495 | D:3      | Found a sparkling altar of Nemelex Xobeh.
  1675 | D:3      | Reached skill level 6 in Long Blades
  1677 | D:3      | Reached XP level 5. HP: 35/45 MP: 4/4
  2229 | D:4      | Reached skill level 7 in Long Blades
  2315 | D:4      | Found an opulent altar of Gozag.
  2378 | D:4      | Found a runed door.
  2378 | D:4      | Noticed a human
  2389 | D:4      | Found a basalt altar of Yredelemnul.
  2411 | D:4      | Killed a human
  2411 | D:4      | Reached skill level 8 in Long Blades
  2411 | D:4      | Reached XP level 6. HP: 27/51 MP: 5/5
  2569 | D:4      | Found Zaant's Armour Shoppe.
  2576 | D:4      | Bought a +0 cloak of magic resistance for 115 gold pieces
  2585 | D:4      | Found a staircase to the Ecumenical Temple.
  2590 | Temple   | Entered the Ecumenical Temple
  2841 | Temple   | Became a worshipper of Qazlal Stormbringer
  3237 | D:4      | Reached skill level 9 in Long Blades
  3352 | D:4      | Reached XP level 7. HP: 20/57 MP: 6/6
  3365 | D:4      | HP: 1/57 [orc wizard/puff of flame (9)]
  3367 | D:4      | Succumbed to an orc wizard's poison

Vault maps used:
D:1:      dpeg_arrival_circle_labyrinth_b, hangedman_feature_mirror,
          kennysheep_nondescript, minmay_misc_feat_five
D:2:      old_standard_altar, uniq_jessica
D:3:      lemuel_crystal_altar, first_bread
D:4:      minmay_goblin_kobold_castle, old_standard_altar,
          minmay_temple_entry_trees, serial_shops, nicolae_shop_trees,
          dk_yredelemnul_ordeal, uniq_edmund
Temple:   oiseaux_autumnal_temple_12

Action                   |  1- 3 |  4- 6 |  7- 9 || total
-------------------------+-------+-------+-------++-------
Melee: Long sword        |    73 |   203 |    12 ||   288
  Use: Scroll            |       |    14 |       ||    14
  Eat: Chunk             |       |     8 |       ||     8
